 Dungeon Crawl Stone Soup version 0.31.0-32-g396128a36d (webtiles) character file.

Game seed: 16444012015000381379

2088 hawla the Firebug (level 9, -2/52 HPs)
             Began as a Deep Elf Fire Elementalist on Apr 15, 2024.
             Slain by an orc knight
             ... wielding a +0 war axe
              (9 damage)
             ... in a bailey.
             The game lasted 00:12:19 (7023 turns).

hawla the Firebug (Deep Elf Fire Elementalist)      Turns: 7023, Time: 00:12:20

Health: -2/52      AC:  5    Str:  5    XL:     9   Next: 6%
Magic:  4/17       EV: 20    Int: 25    God:
Gold:   1032       SH:  0    Dex: 15    Spells: 4/17 levels left

rFire   . . .        o - +5 dagger of Due Proportion {spect, rC- SInv Stlth+}
rCold   x . .        (no shield)
rNeg    . . .        a - +1 robe
rPois   +            m - +0 helmet
rElec   .            b - +0 cloak
rCorr   .            (no gloves)
SInv    +            (no boots)
Will    .....        (no amulet)
Stlth   ++           j - ring of poison resistance
HPRegen 0.28/turn    l - +5 ring of evasion
MPRegen 0.15/turn

%: no passive effects
@: silenced, hasted, very quick
A: no striking features
a: no special abilities


You were in a bailey.
You visited 1 branch of the dungeon, and saw 7 of its levels.
You also visited: Bailey.

You collected 1032 gold pieces.

Inventory:

Hand Weapons
 o - the +5 dagger of Due Proportion (weapon) {spect, rC- SInv Stlth+}
   (You found it on level 5 of the Dungeon)

   rC-:       It makes you vulnerable to cold.
   SInv:      It lets you see invisible.
   Stlth+:    It makes you more stealthy.
Armour
 a - a +1 robe (worn)
 b - a +0 cloak (worn)
 m - a +0 helmet (worn)
Jewellery
 f - a +6 ring of strength
 j - a ring of poison resistance (left hand)
 l - a +5 ring of evasion (right hand)
 p - an amulet of regeneration
Scrolls
 e - a scroll of revelation
 g - a scroll of enchant armour
 h - a scroll of torment
 i - 3 scrolls of blinking
 q - 3 scrolls of identify
 s - a scroll of vulnerability
 t - a scroll of silence
Potions
 c - 2 potions of brilliance
 d - 2 potions of degeneration
 k - a potion of curing
 r - a potion of berserk rage {unknown}


   Skills:
 - Level 4.5 Fighting
 - Level 3.4 Short Blades
 - Level 7.2 Dodging
 - Level 2.4 Stealth
 + Level 4.6 Spellcasting
 * Level 4.2 Conjurations
 * Level 7.7 Fire Magic


You had 4 spell levels left.
You knew the following spells:

 Your Spells              Type           Power      Damage    Failure   Level
a - Foxfire               Conj/Fire      100%       2x1d9     1%          1
b - Scorch                Fire           88%        2d8       1%          2
c - Flame Wave            Conj/Fire      35%        2d10      8%          4
d - Starburst             Conj/Fire      17%        6d6       75%         6

Your spell library contained the following spells:

 Spells                   Type           Power      Damage    Failure   Level
 Momentum Strike          Conj/Tloc      32%        3d8       5%          2
 Inner Flame              Hex/Fire       25%        N/A       5%          3
 Volatile Blastmotes      Fire/Tloc      50%        2d14      5%          3
 Apportation              Tloc           10%        N/A       9%          1
 Freeze                   Ice            20%        1d4       9%          1
 Hailstorm                Conj/Ice       16%        3d6       11%         3
 Blink                    Tloc           10%        N/A       13%         2
 Jinxbite                 Hex            10%        N/A       13%         2
 Lesser Beckoning         Tloc           10%        N/A       13%         2
 Frozen Ramparts          Ice            10%        1d2       26%         3
 Alistair's Intoxication  Alch           3%         N/A       94%         5
 Plasma Beam              Fire/Air       12%        2x1d23    95%         6


Dungeon Overview and Level Annotations

Branches:
Dungeon (7/15)             Temple (0/1) D:7          Bailey (1/1)

Altars:
Dithmenos
Makhleb
Nemelex Xobeh
Ru
Sif Muna
Uskayaw
Xom

Annotations:
D:4 1 runed translucent door, toela's ghost, amateur HOFi


Message History

Your +5 dagger of Due Proportion {spect, rC- SInv Stlth+} completely misses the hobgoblin.
The hobgoblin closely misses you.
The hobgoblin barely misses your +5 dagger of Due Proportion {spect, rC- SInv Stlth+}.
You barely miss the hobgoblin.
The hobgoblin is heavily wounded.
Your +5 dagger of Due Proportion {spect, rC- SInv Stlth+} hits the hobgoblin!
You kill the hobgoblin!
You swap places.
Your +5 dagger of Due Proportion {spect, rC- SInv Stlth+} disappears.
Items here: )) [[ ††.
Items here: )) [[ ††.
You now have 596 gold pieces (gained 207).
Items here: (( )) [[ †.
You now have 1032 gold pieces (gained 436).
Things that are here:
a boomerang; a kobold corpse An orc knight comes into view.
It is wielding a +0 war axe.
The orc warrior shouts!
The orc knight shouts!
You see here 2 boomerangs.
Things that are here:
a boomerang; a kobold corpse
Items here: (( )) [[ †.
As you read the scroll labelled VOUGETHR CO WAF, it crumbles to dust.
A profound silence engulfs you.
It was a scroll of silence.
You hit the orc knight but do no damage.
The orc knight hits you with a +0 war axe!
You hit the orc knight but do no damage.
Your +5 dagger of Due Proportion {spect, rC- SInv Stlth+} hits the orc knight.
It was a potion of curing.
You feel better.
Your +5 dagger of Due Proportion {spect, rC- SInv Stlth+} disappears.
The orc knight hits you with a +0 war axe!
* * * LOW HITPOINT WARNING * * *
The orc warrior barely misses you.
It was a potion of haste.
You feel yourself speed up.
The orc knight hits you with a +0 war axe.
* * * LOW HITPOINT WARNING * * *
The orc warrior closely misses you.
The orc knight attacks as it pursues you!
The orc knight hits you with a +0 war axe!
You die...

####.............##
###........≈≈≈≈≈≈≈≈~#
##.......≈≈≈≈≈≈≈≈≈≈≈≈≈≈#
##..(....≈≈≈≈#########≈≈≈≈#
##....)≈≈≈≈≈≈∩#.ogK...#∩≈≈≈≈≈
#≈≈≈≈≈≈≈)≈.(####...g...####≈≈≈
≈≈≈≈≈≈≈≈.(.(.#..####'####.o#.~≈
#####...(()###o.o((........# #.
###.(...#.'@)####'####..' .
#.......###..# ..
.....⌠....#..# ..#
##.........#'## .#
##...........# #
####.............
#############.


You could see an orc knight and an orc warrior.

Vanquished Creatures
  Menkaure (D:7)
  4 orc warriors (Bailey)
  A sky beast (D:6)
  2 black bears
  A centaur (D:5)
  2 ogres
  2 bullfrogs (D:6)
  3 scorpions
  2 howler monkeys (D:7)
  3 bombardier beetles
  3 jellies
  2 hounds
  2 orc priests
  4 iguanas
  An orc wizard (D:6)
  5 gnolls
  9 adders
  A white imp (D:6)
  4 ufetubi (D:7)
  3 dart slugs
  4 ribbon worms
  11 orcs
  3 endoplasms
  4 giant cockroaches
  11 goblins
  9 hobgoblins
  4 jackals (D:1)
  2 quokkas (D:4)
  7 ball pythons
  3 bats
  7 frilled lizards
  22 kobolds
  5 rats
147 creatures vanquished.

Vanquished Creatures (others)
  343 foxfires
343 creatures vanquished.

Grand Total: 490 creatures vanquished

Notes
Turn   | Place    | Note
-------+----------+-------------------------------------------
     0 | D:1      | hawla the Deep Elf Fire Elementalist began the quest for
                  | the Orb.
     0 | D:1      | Reached XP level 1. HP: 10/10 MP: 6/6
   147 | D:1      | Reached XP level 2. HP: 10/15 MP: 4/8
   360 | D:1      | Learned a level 2 spell: Scorch
   753 | D:1      | Reached XP level 3. HP: 19/19 MP: 3/9
  1059 | D:2      | Identified the +2 falchion of the Barnacled God {drain,
                  | rElec Int-3 Dex-3 Stlth+}
  1273 | D:2      | Found a shimmering altar of Xom.
  1300 | D:2      | Reached skill level 5 in Fire Magic
  1655 | D:2      | Reached XP level 4. HP: 24/24 MP: 5/10
  2166 | D:3      | HP: 1/24 [orc priest/divine providence (14)]
  2340 | D:3      | Found a shimmering altar of Xom.
  2340 | D:3      | Found a shimmering blue altar of Sif Muna.
  2371 | D:3      | Found a hide-covered altar of Uskayaw.
  2414 | D:3      | Reached XP level 5. HP: 28/28 MP: 8/11
  2742 | D:3      | Found a sacrificial altar of Ru.
  2809 | D:4      | Found a runed translucent door.
  2814 | D:4      | Noticed toela's ghost (amateur HOFi)
  2828 | D:4      | Learned a level 4 spell: Flame Wave
  2992 | D:4      | Noticed an ogre
  2998 | D:4      | Killed an ogre
  3165 | D:4      | Reached XP level 6. HP: 32/32 MP: 8/13
  3863 | D:4      | Found a shadowy altar of Dithmenos.
  4092 | D:5      | Entered Level 5 of the Dungeon
  4207 | D:5      | Reached skill level 1 in Fighting
  4207 | D:5      | Reached XP level 7. HP: 32/38 MP: 8/14
  4719 | D:5      | Reached skill level 5 in Dodging
  4901 | D:5      | Found a sparkling altar of Nemelex Xobeh.
  4990 | D:5      | Identified the +5 dagger of Due Proportion {spect, rC- SInv
                  | Stlth+}
  4996 | D:5      | Found a burning altar of Makhleb.
  5648 | D:6      | Reached XP level 8. HP: 27/46 MP: 8/15
  5649 | D:6      | Reached skill level 1 in Short Blades
  6644 | D:7      | Noticed Menkaure
  6652 | D:7      | Killed Menkaure
  6683 | D:7      | Found a flagged portal.
  6699 | D:7      | Learned a level 6 spell: Starburst
  6752 | Bailey   | Entered a bailey
  6986 | Bailey   | Reached XP level 9. HP: 46/52 MP: 2/17
  7014 | Bailey   | Noticed an orc knight
  7023 | Bailey   | Slain by an orc knight

Illustrated notes

Levels and vault maps discovered:
D:1:      mainiacjoe_arrival_reflecting_pool, layout_loops_ring
D:2:      layout_loops_ring, basic_altar
D:3:      layout_rooms, marbit_many_paths, nicolae_overflow_hidden_temple,
          lemuel_coloured_pillars_altar
D:4:      layout_basic, lemuel_doored_altar, ebering_ghost_inner_flame,
          minmay_diced_spiral
D:5:      layout_basic, jmf_multi_god_temple2, nicolae_elevator_lobby_asterisk
D:6:      layout_loops_corners, chequers_serial_rivers_room_b
D:7:      layout_gridville, amcnicky_altar_gilded, old_standard_altar,
          mainiacjoe_overflow_catwalk, minmay_temple_entry_enclosed_plants,
          enter_bailey_3, uniq_jeremiah, uniq_menkaure, uniq_maggie
Bailey:   bailey_axe_4, bailey

Skill      XL: |  1  2  3  4  5  6  7  8 |
---------------+-------------------------+-----
Fire Magic     | 4 5 6 7 |  7.7
Conjurations   | 2 3 4 |  4.2
Dodging        | 3 5 7 |  7.2
Fighting       | 1 3 4 |  4.5
Short Blades   | 3 |  3.4
Spellcasting   | 4 |  4.6
Stealth        | |  2.4

Action                     |  1- 3 |  4- 6 |  7- 9 || total
---------------------------+-------+-------+-------++-------
  Melee: Unarmed           |     4 |     3 |     1 ||     8
         Dagger            |       |       |    48 ||    48
   Cast: Foxfire           |    67 |    71 |    61 ||   199
         Scorch            |     9 |    13 |    31 ||    53
         Flame Wave        |       |     1 |     3 ||     4
    Use: Potion            |     1 |     4 |     3 ||     8
         Scroll            |     2 |     7 |     2 ||    11
   Stab: Sleeping          |       |       |     9 ||     9
 Armour: Robe              |    15 |    19 |    33 ||    67
         Skin              |       |     9 |       ||     9
  Dodge: Dodged            |    18 |    19 |    38 ||    75
